SL
SEATTLE AVIATORS @ ATHLETIC CLUB KC
08/16/2034
 
TOP OF THE 1ST
Seattle Aviators batting - Pitching for Athletic Club KC : RHP Stanley Yelnats
Pitching: RHP Stanley Yelnats
Batting: SHB Nuygen Vuong 0-0: SINGLE (Groundball, 34S) (infield hit)
Batting: RHB Lester Kwiatkowski 0-0: Called Strike
0-1: Foul Ball, location: 2F
0-2: Foul Ball, location: 2F
0-2: Ground out 3-1 (Groundball, 34)
Nuygen Vuong to second
Batting: LHB Kenny Webster 0-0: Called Strike
0-1: Ground out U3 (Groundball, 3)
Nuygen Vuong to third
Batting: LHB Yataro Kodo 0-0: Ball
1-0: Ground out U3 (Groundball, 34)
Top of the 1st over - 0 runs, 1 hit, 0 errors, 1 left on base; Seattle 0 - Athletic Club KC 0
BOTTOM OF THE 1ST
Athletic Club KC batting - Pitching for Seattle Aviators : LHP Wes Hamm
Pitching: LHP Wes Hamm
Batting: RHB Colin Bottone 0-0: Called Strike
0-1: Ball
1-1: Ball
2-1: Ball
3-1: Ground out U3 (Groundball, 3L)
Batting: SHB Akihiko Fujii 0-0: Foul Ball, location: 2F
0-1: Ball
1-1: Ball
2-1: Foul Ball, location: 2F
2-2: Fly out, F8 (Line Drive, 8RM)
Batting: RHB Jesús Vargas 0-0: Ball
1-0: Ball
2-0: Ball
3-0: Called Strike
3-1: Called Strike
3-2: Foul Ball, location: 2F
3-2: Foul Ball, location: 2F
3-2: Foul Ball, location: 2F
3-2: Fly out, F7 (Flyball, 78S)
Bottom of the 1st over - 0 runs, 0 hits, 0 errors, 0 left on base; Seattle 0 - Athletic Club KC 0
TOP OF THE 2ND
Seattle Aviators batting - Pitching for Athletic Club KC : RHP Stanley Yelnats
Batting: RHB Arlen Joysey 0-0: Swinging Strike
0-1: Swinging Strike
0-2: Foul Ball, location: 2F
0-2: Ball
1-2: Ball
2-2: Foul Ball, location: 2F
2-2: Strikes out swinging
Batting: SHB Paul Wite 0-0: Ball
1-0: SINGLE (Groundball, 4S) (infield hit)
Batting: RHB Albert Zamudio 0-0: Ball
1-0: Ball
2-0: Ball
3-0: Called Strike
3-1: Foul Ball, location: 2F
3-2: Strikes out swinging
Batting: RHB Walt Miller 0-0: Called Strike
0-1: Ball
1-1: Ground out 4-3 (Groundball, 4)
Top of the 2nd over - 0 runs, 1 hit, 0 errors, 1 left on base; Seattle 0 - Athletic Club KC 0
BOTTOM OF THE 2ND
Athletic Club KC batting - Pitching for Seattle Aviators : LHP Wes Hamm
Batting: RHB Khal Drogo 0-0: Called Strike
0-1: Foul Ball, location: 2F
0-2: Ball
1-2: Ball
2-2: Ball
3-2: Foul Ball, location: 2F
3-2: Base on Balls
Batting: SHB Pedro Vázquez 0-0: TRIPLE (Line Drive, 8RXD)
Khal Drogo scores
Batting: LHB Wu-shun Chu 0-0: Ball
1-0: Foul Ball, location: 2F
1-1: SINGLE (Groundball, 34D)
Pedro Vázquez scores
Batting: LHB Pablo Hernández 0-0: Ball
1-0: Called Strike
Wu-shun Chu steals 2nd base
1-1: Hit by Pitch
Batting: RHB Roger Caffyn 0-0: Ball
1-0: Foul Ball, location: 2F
1-1: Grounds into double play, 6-4-3 (Groundball, 6)
Wu-shun Chu to third
Batting: LHB Onye Mahusay 0-0: Ball
Steal of home, Wu-shun Chu is safe
1-0: Ball
2-0: Ball
3-0: Base on Balls
Batting: RHB Colin Bottone 0-0: Ball
1-0: Ball
Throwing error on steal attempt, E2
Onye Mahusay to third
2-0: Foul Ball, location: 2F
2-1: Foul Ball, location: 2F
2-2: Ball
3-2: Foul Ball, location: 2F
3-2: Foul Ball, location: 2F
3-2: Strikes out swinging
Bottom of the 2nd over - 3 runs, 2 hits, 1 error, 1 left on base; Seattle 0 - Athletic Club KC 3
TOP OF THE 3RD
Seattle Aviators batting - Pitching for Athletic Club KC : RHP Stanley Yelnats
Batting: LHB Del Truscott 0-0: Ball
1-0: Ball
2-0: Swinging Strike
2-1: Swinging Strike
2-2: Strikes out looking
Batting: SHB Nuygen Vuong 0-0: Ball
1-0: Ball
2-0: Ball
3-0: Called Strike
3-1: Called Strike
3-2: Fly out, F9 (Line Drive, 9D)
Batting: RHB Lester Kwiatkowski 0-0: Called Strike
0-1: Ball
1-1: Foul Ball, location: 2F
1-2: Ground out 6-3 (Groundball, 6)
Top of the 3rd over - 0 runs, 0 hits, 0 errors, 0 left on base; Seattle 0 - Athletic Club KC 3
BOTTOM OF THE 3RD
Athletic Club KC batting - Pitching for Seattle Aviators : LHP Wes Hamm
Batting: SHB Akihiko Fujii 0-0: Fly out, F7 (Flyball, 78S)
Batting: RHB Jesús Vargas 0-0: Foul Ball, location: 2F
0-1: Ball
1-1: Foul Ball, location: 2F
1-2: Fly out, F7 (Flyball, 78M)
Batting: RHB Khal Drogo 0-0: DOUBLE (Groundball, 5L)
Batting: SHB Pedro Vázquez 0-0: Ground out 6-3 (Groundball, 6)
Bottom of the 3rd over - 0 runs, 1 hit, 0 errors, 1 left on base; Seattle 0 - Athletic Club KC 3
TOP OF THE 4TH
Seattle Aviators batting - Pitching for Athletic Club KC : RHP Stanley Yelnats
Batting: LHB Kenny Webster 0-0: Ball
1-0: Ball
2-0: SINGLE (Groundball, 4MD)
Batting: LHB Yataro Kodo 0-0: Grounds into double play, 1-6-3 (Groundball, 13S)
Batting: RHB Arlen Joysey 0-0: Ball
1-0: Fly out, F5 (Popup, 56)
Top of the 4th over - 0 runs, 1 hit, 0 errors, 0 left on base; Seattle 0 - Athletic Club KC 3
BOTTOM OF THE 4TH
Athletic Club KC batting - Pitching for Seattle Aviators : LHP Wes Hamm
Batting: LHB Wu-shun Chu 0-0: Swinging Strike
0-1: Foul Ball, location: 2F
0-2: Foul Ball, location: 2F
0-2: SINGLE (Groundball, 34D)
Batting: LHB Pablo Hernández Balk!
Wu-shun Chu to second
0-0: Called Strike
0-1: Ball
Wu-shun Chu steals 3rd base
1-1: Ground out 6-3 (Groundball, 56)
Batting: RHB Roger Caffyn 0-0: Intentional Walk
Batting: LHB Onye Mahusay 0-0: Called Strike
0-1: Called Strike
0-2: Strikes out looking
Batting: RHB Colin Bottone 0-0: Foul Ball, location: 2F
0-1: Ball
1-1: Called Strike
1-2: Strikes out swinging
Bottom of the 4th over - 0 runs, 1 hit, 0 errors, 2 left on base; Seattle 0 - Athletic Club KC 3
TOP OF THE 5TH
Seattle Aviators batting - Pitching for Athletic Club KC : RHP Stanley Yelnats
Batting: SHB Paul Wite 0-0: Ball
1-0: Ball
2-0: Ball
3-0: Called Strike
3-1: Swinging Strike
3-2: Foul Ball, location: 2F
3-2: Foul Ball, location: 2F
3-2: Strikes out swinging
Batting: RHB Albert Zamudio 0-0: Called Strike
0-1: Ball
1-1: Swinging Strike
1-2: Strikes out swinging
Batting: RHB Walt Miller 0-0: Foul Ball, location: 2F
0-1: Called Strike
0-2: Strikes out swinging
Top of the 5th over - 0 runs, 0 hits, 0 errors, 0 left on base; Seattle 0 - Athletic Club KC 3
BOTTOM OF THE 5TH
Athletic Club KC batting - Pitching for Seattle Aviators : LHP Wes Hamm
Batting: SHB Akihiko Fujii 0-0: Ball
1-0: Ball
2-0: Called Strike
2-1: Fly out, F8 (Line Drive, 8RM)
Batting: RHB Jesús Vargas 0-0: Fly out, F4 (Popup, 34D)
Batting: RHB Khal Drogo 0-0: Called Strike
0-1: Ball
1-1: Called Strike
1-2: Fly out, F8 (Flyball, 8RD)
Bottom of the 5th over - 0 runs, 0 hits, 0 errors, 0 left on base; Seattle 0 - Athletic Club KC 3
TOP OF THE 6TH
Seattle Aviators batting - Pitching for Athletic Club KC : RHP Stanley Yelnats
Batting: LHB Del Truscott 0-0: Foul Ball, location: 2F
0-1: SINGLE (Flyball, 8LS)
Batting: SHB Nuygen Vuong 0-0: Foul Ball, location: 2F
0-1: Ball
1-1: Swinging Strike
1-2: Strikes out swinging
Batting: RHB Lester Kwiatkowski 0-0: Called Strike
0-1: Ball
1-1: Called Strike
1-2: Fielders Choice at 2nd, 1-4 (Groundball, 15S)
Batting: LHB Kenny Webster 0-0: Ball
1-0: Ball
2-0: Foul Ball, location: 2F
2-1: Ball
3-1: Base on Balls
Lester Kwiatkowski to second
Batting: LHB Yataro Kodo 0-0: Called Strike
0-1: Ball
1-1: Ball
2-1: Ball
3-1: Fielders Choice at 2nd, 5-4 (Groundball, 5)
Top of the 6th over - 0 runs, 1 hit, 0 errors, 2 left on base; Seattle 0 - Athletic Club KC 3
BOTTOM OF THE 6TH
Athletic Club KC batting - Pitching for Seattle Aviators : LHP Wes Hamm
Batting: SHB Pedro Vázquez 0-0: Ground out 5-3 (Groundball, 56S)
Batting: LHB Wu-shun Chu 0-0: Ball
1-0: Swinging Strike
1-1: Called Strike
1-2: Foul Ball, location: 2F
1-2: Ball
2-2: Strikes out looking
Batting: LHB Pablo Hernández 0-0: Called Strike
0-1: Called Strike
0-2: Ball
1-2: Ball
2-2: Foul Ball, location: 2F
2-2: Ball
3-2: Foul Ball, location: 2F
3-2: Strikes out swinging
Bottom of the 6th over - 0 runs, 0 hits, 0 errors, 0 left on base; Seattle 0 - Athletic Club KC 3
TOP OF THE 7TH
Seattle Aviators batting - Pitching for Athletic Club KC : RHP Stanley Yelnats
Batting: RHB Arlen Joysey 0-0: Called Strike
0-1: Foul Ball, location: 2F
0-2: SOLO HOME RUN (Flyball, 7D), Distance : 389 ft
Batting: SHB Paul Wite 0-0: Called Strike
0-1: Called Strike
0-2: Fly out, F7 (Line Drive, 7)
Batting: RHB Albert Zamudio 0-0: Called Strike
0-1: Swinging Strike
0-2: Foul Ball, location: 2F
0-2: Foul Ball, location: 2F
0-2: Ball
1-2: Ball
2-2: Ball
3-2: Strikes out swinging
Batting: RHB Walt Miller 0-0: Called Strike
0-1: Ball
1-1: Swinging Strike
1-2: Ball
2-2: Ball
3-2: Foul Ball, location: 2F
3-2: Foul Ball, location: 2F
3-2: Foul Ball, location: 2F
3-2: Base on Balls
Batting: LHB Del Truscott 0-0: Ball
1-0: Foul Ball, location: 2F
1-1: Ball
2-1: Foul Ball, location: 2F
2-2: Strikes out swinging
Top of the 7th over - 1 run, 1 hit, 0 errors, 1 left on base; Seattle 1 - Athletic Club KC 3
BOTTOM OF THE 7TH
Athletic Club KC batting - Pitching for Seattle Aviators : LHP Wes Hamm
Batting: RHB Roger Caffyn 0-0: Ground out 4-3 (Groundball, 4M)
Batting: LHB Onye Mahusay 0-0: Called Strike
0-1: Called Strike
0-2: Strikes out swinging
Batting: RHB Colin Bottone 0-0: Ball
1-0: Ball
2-0: Ball
3-0: Base on Balls
Pitching: RHP Miguel Cervantes
Batting: SHB Akihiko Fujii 0-0: Ball
1-0: Foul Ball, location: 2F
1-1: Ball
2-1: Called Strike
2-2: Ball
3-2: Foul Ball, location: 2F
3-2: TRIPLE (Flyball, 9D)
Colin Bottone scores
Batting: RHB Jesús Vargas 0-0: Intentional Walk
Batting: RHB Khal Drogo 0-0: Ball
1-0: Swinging Strike
1-1: Ball
2-1: Called Strike
2-2: SINGLE (Groundball, 34D)
Akihiko Fujii scores
Jesús Vargas to second
Runner from 2nd tries for 3rd, SAFE, no throw
Batting: SHB Pedro Vázquez 0-0: Ball
1-0: Ground out 1-3 (Groundball, P)
Bottom of the 7th over - 2 runs, 2 hits, 0 errors, 2 left on base; Seattle 1 - Athletic Club KC 5
TOP OF THE 8TH
Seattle Aviators batting - Pitching for Athletic Club KC : RHP Stanley Yelnats
Pitching: RHP León Marinero
Batting: SHB Nuygen Vuong 0-0: Foul Ball, location: 2F
0-1: Ball
1-1: Called Strike
1-2: Ball
2-2: SINGLE (Groundball, 34D)
Batting: RHB Lester Kwiatkowski 0-0: Called Strike
0-1: Foul Ball, location: 2F
0-2: Strikes out looking
Batting: LHB Kenny Webster 0-0: Ground out 4-3 (Groundball, 34D)
Nuygen Vuong to second
Batting: LHB Yataro Kodo 0-0: Ball
1-0: Fly out, F8 (Flyball, 8RM)
Top of the 8th over - 0 runs, 1 hit, 0 errors, 1 left on base; Seattle 1 - Athletic Club KC 5
BOTTOM OF THE 8TH
Athletic Club KC batting - Pitching for Seattle Aviators : RHP Miguel Cervantes
Batting: LHB Wu-shun Chu 0-0: Ball
1-0: Called Strike
1-1: Ground out 5-3 (Groundball, 5)
Batting: LHB Pablo Hernández 0-0: Ball
1-0: Called Strike
1-1: Foul Ball, location: 2F
1-2: Fly out, F6 (Line Drive, 6M)
Batting: RHB Roger Caffyn 0-0: Ball
1-0: Called Strike
1-1: Foul Ball, location: 2F
1-2: SOLO HOME RUN (Flyball, 7D), Distance : 386 ft
Batting: LHB Onye Mahusay 0-0: Called Strike
0-1: Ball
1-1: Reached on error, E3 (Groundball, 3)
Batting: RHB Colin Bottone 0-0: Ball
1-0: SINGLE (Groundball, 56D)
Onye Mahusay to second
Batting: SHB Akihiko Fujii 0-0: Called Strike
0-1: Swinging Strike
0-2: Ball
1-2: Foul Ball, location: 2F
1-2: Foul Ball, location: 2F
1-2: Ball
2-2: Ball
3-2: Foul Ball, location: 2F
3-2: Base on Balls
Onye Mahusay to third
Colin Bottone to second
Batting: RHB Jesús Vargas 0-0: Foul Ball, location: 2F
0-1: Ball
1-1: Foul Ball, location: 2F
1-2: Ball
2-2: Fly out, F3 (Line Drive, 3S)
Bottom of the 8th over - 1 run, 2 hits, 1 error, 3 left on base; Seattle 1 - Athletic Club KC 6
TOP OF THE 9TH
Seattle Aviators batting - Pitching for Athletic Club KC : RHP León Marinero
Batting: RHB Arlen Joysey 0-0: Called Strike
0-1: Ground out 4-3 (Groundball, 4M)
Batting: SHB Paul Wite 0-0: Ball
1-0: Ball
2-0: Called Strike
2-1: Foul Ball, location: 2F
2-2: Ground out 6-3 (Groundball, 6)
Batting: RHB Albert Zamudio 0-0: Ball
1-0: Ball
2-0: Called Strike
2-1: Foul Ball, location: 2F
2-2: Fly out, F9 (Flyball, 9S)
Top of the 9th over - 0 runs, 0 hits, 0 errors, 0 left on base; Seattle 1 - Athletic Club KC 6
Friday, March 29th, 2019 - OOTP Baseball 18.8 Build 76